TOP OF THE 1ST |
Philadelphia (APP) Phillies batting - Pitching for Bristol Pirates : RHP Joe Simanton
|
Pitching: RHP Joe Simanton
|
|
Batting: LHB Alex Fernandez
|
0-0: Ball 1-0: Called Strike 1-1: Ground out U3 (Groundball, 3S, EV 81.2 MPH)
|
Batting: RHB Mark Schultz
|
0-0: Ball 1-0: Foul Ball, location: 2F 1-1: Ball 2-1: Swinging Strike 2-2: DOUBLE (Line Drive, 89D, EV 102.5 MPH)
|
Batting: RHB Kyle Reilly
|
0-0: Called Strike 0-1: Foul Ball, location: 2F 0-2: Ball 1-2: Ball 2-2: Strikes out looking
|
Batting: LHB Eric Farren
|
0-0: Ball 1-0: SINGLE (Groundball, 4MD, EV 106.9 MPH) Mark Schultz to third Runner from 3rd tries for Home, throw by CF and OUT! 8-2
|
Top of the 1st over - 0 runs, 2 hits, 0 errors, 1 left on base; Philadelphia (APP) 0 - Bristol 0 |
BOTTOM OF THE 1ST |
Bristol Pirates batting - Pitching for Philadelphia (APP) Phillies : LHP Phuck II
|
Pitching: LHP Phuck II
|
|
Batting: RHB Perry Dominey
|
0-0: Ball 1-0: Swinging Strike 1-1: Swinging Strike 1-2: Ball 2-2: Ball 3-2: Base on Balls
|
Batting: RHB Randy Bergman
|
0-0: Ball 1-0: Called Strike 1-1: Ball 2-1: Swinging Strike 2-2: Ball 3-2: Foul Ball, location: 2F 3-2: Foul Ball, location: 2F 3-2: Fly out, F8 (Flyball, 8LM, EV 94.4 MPH)
|
Batting: LHB Randy Boone
|
0-0: Called Strike 0-1: SINGLE (Line Drive, 9S, EV 86.2 MPH) Perry Dominey to second Runner from 2nd tries for 3rd, SAFE, throw by RF made to third
|
Batting: RHB Etsuro Hosokawa
|
0-0: Ball 1-0: Called Strike 1-1: Ball 2-1: Fielders Choice at 2nd, 4-6 (Groundball, 4, EV 91.2 MPH) Perry Dominey scores
|
Batting: LHB Ruben Garza
|
0-0: Ball 1-0: Ball 2-0: Ball 3-0: Base on Balls Etsuro Hosokawa to second
|
Batting: RHB Jaime Dubicki
|
0-0: Ball 1-0: Swinging Strike 1-1: Foul Ball, location: 2F 1-2: Ball 2-2: Strikes out swinging
|
Bottom of the 1st over - 1 run, 1 hit, 0 errors, 2 left on base; Philadelphia (APP) 0 - Bristol 1 |
TOP OF THE 2ND |
Philadelphia (APP) Phillies batting - Pitching for Bristol Pirates : RHP Joe Simanton
|
Batting: RHB Seung-mun Kim
|
0-0: Ball 1-0: Ball 2-0: Foul Ball, location: 2F 2-1: Called Strike 2-2: Strikes out swinging
|
Batting: RHB Vaclav Been
|
0-0: DOUBLE (Line Drive, 89M, EV 113.8 MPH)
|
Batting: LHB Josh George
|
0-0: Ball Passed Ball! Vaclav Been to third 1-0: Called Strike 1-1: TRIPLE (Line Drive, 89XD, EV 110.6 MPH) Vaclav Been scores
|
Batting: RHB Eduardo Calderon
|
0-0: Called Strike 0-1: Swinging Strike 0-2: Ball 1-2: Ball 2-2: SINGLE (Groundball, 56, EV 101.2 MPH) Josh George scores
|
Batting: RHB Gary Sampson
|
0-0: Foul Ball, location: 2F 0-1: Ball 1-1: Called Strike 1-2: Strikes out swinging
|
Batting: LHB Alex Fernandez
|
0-0: Foul Ball, location: 2F 0-1: Ball 1-1: Foul Ball, location: 2F 1-2: Ball 2-2: Fielders Choice at 2nd, 5-4 (Groundball, 56, EV 108.8 MPH)
|
Top of the 2nd over - 2 runs, 3 hits, 0 errors, 1 left on base; Philadelphia (APP) 2 - Bristol 1 |
BOTTOM OF THE 2ND |
Bristol Pirates batting - Pitching for Philadelphia (APP) Phillies : LHP Phuck II
|
Batting: RHB Andrew DeRicco
|
0-0: Ball 1-0: Foul Ball, location: 2F 1-1: Foul Ball, location: 2F 1-2: Strikes out swinging
|
Batting: LHB Tomohiro Yokoyama
|
0-0: Foul Ball, location: 2F 0-1: Fly out, F8 (Flyball, 8RM, EV 88.1 MPH)
|
Batting: RHB Rob Colley
|
0-0: Called Strike 0-1: Ball 1-1: Fly out, F8 (Flyball, 8RM, EV 88.1 MPH)
|
Bottom of the 2nd over - 0 runs, 0 hits, 0 errors, 0 left on base; Philadelphia (APP) 2 - Bristol 1 |
TOP OF THE 3RD |
Philadelphia (APP) Phillies batting - Pitching for Bristol Pirates : RHP Joe Simanton
|
Batting: RHB Mark Schultz
|
0-0: Ground out U3 (Groundball, 3, EV 76.9 MPH)
|
Batting: RHB Kyle Reilly
|
0-0: Ball 1-0: Swinging Strike 1-1: Called Strike 1-2: Ball 2-2: Strikes out swinging
|
Batting: LHB Eric Farren
|
0-0: Ball 1-0: Foul Ball, location: 2F 1-1: Swinging Strike 1-2: Ball 2-2: Foul Ball, location: 2F 2-2: Ball 3-2: Strikes out swinging
|
Top of the 3rd over - 0 runs, 0 hits, 0 errors, 0 left on base; Philadelphia (APP) 2 - Bristol 1 |
BOTTOM OF THE 3RD |
Bristol Pirates batting - Pitching for Philadelphia (APP) Phillies : LHP Phuck II
|
Batting: RHB Perry Dominey
|
0-0: Called Strike 0-1: Ball 1-1: SINGLE (Groundball, 23, EV 67.5 MPH) (infield hit)
|
Batting: RHB Randy Bergman
|
0-0: Ball 1-0: Called Strike 1-1: Swinging Strike 1-2: Ball 2-2: Foul Ball, location: 2F 2-2: Fly out, F8 (Flyball, 8RS, EV 95.6 MPH)
|
Batting: LHB Randy Boone
|
0-0: Called Strike 0-1: Ball 1-1: Ball 2-1: Ball 3-1: Foul Ball, location: 2F 3-2: Ground out 6-3 (Groundball, 6, EV 89.4 MPH) Perry Dominey to second
|
Batting: RHB Etsuro Hosokawa
|
0-0: Ball 1-0: Ball 2-0: Ball 3-0: Base on Balls
|
Batting: LHB Ruben Garza
|
0-0: Ball 1-0: Called Strike 1-1: Foul Ball, location: 2F 1-2: Strikes out swinging
|
Bottom of the 3rd over - 0 runs, 1 hit, 0 errors, 2 left on base; Philadelphia (APP) 2 - Bristol 1 |
TOP OF THE 4TH |
Philadelphia (APP) Phillies batting - Pitching for Bristol Pirates : RHP Joe Simanton
|
Batting: RHB Seung-mun Kim
|
0-0: Swinging Strike 0-1: Foul Ball, location: 2F 0-2: Ball 1-2: Foul Ball, location: 2F 1-2: Strikes out looking
|
Batting: RHB Vaclav Been
|
0-0: Ball 1-0: Called Strike 1-1: Swinging Strike 1-2: Ball 2-2: Foul Ball, location: 2F 2-2: Strikes out swinging
|
Batting: LHB Josh George
|
0-0: Ball 1-0: Swinging Strike 1-1: Ball 2-1: DOUBLE (Line Drive, 9LM, EV 95.0 MPH)
|
Batting: RHB Eduardo Calderon
|
0-0: Ball 1-0: Ball 2-0: Called Strike 2-1: Called Strike 2-2: Foul Ball, location: 2F 2-2: Strikes out swinging
|
Top of the 4th over - 0 runs, 1 hit, 0 errors, 1 left on base; Philadelphia (APP) 2 - Bristol 1 |
BOTTOM OF THE 4TH |
Bristol Pirates batting - Pitching for Philadelphia (APP) Phillies : LHP Phuck II
|
Batting: RHB Jaime Dubicki
|
0-0: Ball 1-0: Called Strike 1-1: Foul Ball, location: 2F 1-2: Foul Ball, location: 2F 1-2: Fly out, F9 (Flyball, 89D, EV 99.4 MPH)
|
Batting: RHB Andrew DeRicco
|
0-0: Called Strike 0-1: Swinging Strike 0-2: Ball 1-2: Strikes out swinging
|
Batting: LHB Tomohiro Yokoyama
|
0-0: SOLO HOME RUN (Flyball, 7D, EV 98.8 MPH), Distance : 384 ft
|
Batting: RHB Rob Colley
|
0-0: Called Strike 0-1: Foul Ball, location: 2F 0-2: Ball 1-2: Ball 2-2: Ground out 5-3 (Groundball, 56S, EV 89.4 MPH)
|
Bottom of the 4th over - 1 run, 1 hit, 0 errors, 0 left on base; Philadelphia (APP) 2 - Bristol 2 |
TOP OF THE 5TH |
Philadelphia (APP) Phillies batting - Pitching for Bristol Pirates : RHP Joe Simanton
|
Batting: RHB Gary Sampson
|
0-0: Ground out 6-3 (Groundball, 6S, EV 64.4 MPH)
|
Batting: LHB Alex Fernandez
|
0-0: Ball 1-0: Reached on error, E5 (Groundball, 56, EV 108.8 MPH)
|
Batting: RHB Mark Schultz
|
0-0: Ball 1-0: Ball 2-0: Called Strike 2-1: Ball 3-1: Base on Balls Alex Fernandez to second
|
Batting: RHB Kyle Reilly
|
0-0: Swinging Strike 0-1: Ball 1-1: Ball 2-1: Swinging Strike 2-2: Fielders Choice at 2nd, 4-6 (Groundball, 4D, EV 98.1 MPH) Alex Fernandez to third
|
Batting: LHB Eric Farren
|
0-0: Ball 1-0: Ball 2-0: Ball 3-0: Called Strike 3-1: Foul Ball, location: 2F 3-2: Fly out, F6 (Popup, 4M, EV 58.1 MPH)
|
Top of the 5th over - 0 runs, 0 hits, 1 error, 2 left on base; Philadelphia (APP) 2 - Bristol 2 |
BOTTOM OF THE 5TH |
Bristol Pirates batting - Pitching for Philadelphia (APP) Phillies : LHP Phuck II
|
Pitching: RHP Tony Trevino
|
|
Batting: RHB Perry Dominey
|
0-0: Ball 1-0: Ball 2-0: Foul Ball, location: 2F 2-1: Swinging Strike 2-2: Foul Ball, location: 2F 2-2: Strikes out swinging
|
Batting: RHB Randy Bergman
|
0-0: Called Strike 0-1: Ball 1-1: Ball 2-1: Foul Ball, location: 2F 2-2: Foul Ball, location: 2F 2-2: Ball 3-2: Foul Ball, location: 2F 3-2: Foul Ball, location: 2F 3-2: Strikes out swinging
|
Batting: LHB Randy Boone
|
0-0: Ball 1-0: Foul Ball, location: 2F 1-1: Ball 2-1: Ball 3-1: Ground out 2-3 (Groundball, 2L, EV 68.1 MPH)
|
Bottom of the 5th over - 0 runs, 0 hits, 0 errors, 0 left on base; Philadelphia (APP) 2 - Bristol 2 |
TOP OF THE 6TH |
Philadelphia (APP) Phillies batting - Pitching for Bristol Pirates : RHP Joe Simanton
|
Batting: RHB Seung-mun Kim
|
0-0: Called Strike 0-1: Ball 1-1: Ball 2-1: Foul Ball, location: 2F 2-2: Foul Ball, location: 2F 2-2: Strikes out swinging
|
Batting: RHB Vaclav Been
|
0-0: Ball 1-0: Swinging Strike 1-1: Foul Ball, location: 2F 1-2: Foul Ball, location: 2F 1-2: Strikes out looking
|
Batting: LHB Josh George
|
0-0: Ball 1-0: Ball 2-0: Called Strike 2-1: Fly out, F8 (Flyball, 89M, EV 90.6 MPH)
|
Top of the 6th over - 0 runs, 0 hits, 0 errors, 0 left on base; Philadelphia (APP) 2 - Bristol 2 |
BOTTOM OF THE 6TH |
Bristol Pirates batting - Pitching for Philadelphia (APP) Phillies : RHP Tony Trevino
|
Batting: RHB Etsuro Hosokawa
|
0-0: Ball 1-0: Ball 2-0: Ball 3-0: Called Strike 3-1: Base on Balls
|
Batting: LHB Ruben Garza
|
0-0: Hit by Pitch Etsuro Hosokawa to second
|
Batting: RHB Jaime Dubicki
|
0-0: Ball 1-0: Foul Ball, location: 2F 1-1: Fielders Choice at 2nd, 4-6 (Groundball, 4D, EV 96.9 MPH) Etsuro Hosokawa to third
|
Batting: RHB Andrew DeRicco
|
0-0: Called Strike 0-1: Foul Ball, location: 2F 0-2: Ball 1-2: Ball 2-2: Ball 3-2: Strikes out swinging
|
Pitching: RHP Jeremy Mitchem
|
|
Batting: LHB Tomohiro Yokoyama
|
0-0: Ball 1-0: Ball 2-0: Foul Ball, location: 2F 2-1: Ball 3-1: Base on Balls Jaime Dubicki to second
|
Pinch Hitting: LHB Joe Wise
|
0-0: Called Strike 0-1: Ball 1-1: Swinging Strike 1-2: GRAND SLAM HOME RUN (Flyball, 9D, EV 101.9 MPH), Distance : 357 ft
|
Batting: RHB Perry Dominey
|
0-0: Ball 1-0: Ball 2-0: Called Strike 2-1: Ground out 6-3 (Groundball, 6, EV 80.0 MPH)
|
Bottom of the 6th over - 4 runs, 1 hit, 0 errors, 0 left on base; Philadelphia (APP) 2 - Bristol 6 |
TOP OF THE 7TH |
Philadelphia (APP) Phillies batting - Pitching for Bristol Pirates : RHP Joe Simanton
|
Pitching: LHP Norm Silveira-Wray
|
|
Now at SS: Pete Hutton
|
|
Batting: RHB Eduardo Calderon
|
0-0: Ball 1-0: Ball 2-0: Called Strike 2-1: Ball 3-1: Foul Ball, location: 2F 3-2: Base on Balls
|
Batting: RHB Gary Sampson
|
0-0: Called Strike 0-1: Ball 1-1: Ball 2-1: Foul Ball, location: 2F 2-2: Foul Ball, location: 2F 2-2: Foul Ball, location: 2F 2-2: Foul Ball, location: 2F 2-2: Strikes out swinging
|
Batting: LHB Alex Fernandez
|
0-0: Foul Ball, location: 2F 0-1: Swinging Strike 0-2: Fly out, F4 (Line Drive, 4, EV 73.1 MPH)
|
Batting: RHB Mark Schultz
|
0-0: Foul Ball, location: 2F 0-1: Called Strike 0-2: Fly out, F6 (Flyball, 56D, EV 71.2 MPH)
|
Top of the 7th over - 0 runs, 0 hits, 0 errors, 1 left on base; Philadelphia (APP) 2 - Bristol 6 |
BOTTOM OF THE 7TH |
Bristol Pirates batting - Pitching for Philadelphia (APP) Phillies : RHP Jeremy Mitchem
|
Pitching: RHP Andy Burchfield
|
|
Batting: RHB Randy Bergman
|
0-0: Ball 1-0: Ball 2-0: Foul Ball, location: 2F 2-1: Swinging Strike 2-2: Strikes out swinging, 2-3 out at first.
|
Batting: LHB Randy Boone
|
0-0: Called Strike 0-1: Foul Ball, location: 2F 0-2: Foul Ball, location: 2F 0-2: Ball 1-2: Ball 2-2: Ground out 5-3 (Groundball, 5, EV 86.2 MPH)
|
Batting: RHB Etsuro Hosokawa
|
0-0: Called Strike 0-1: Ball 1-1: Ball 2-1: Ball 3-1: Called Strike 3-2: Base on Balls
|
Batting: LHB Ruben Garza
|
0-0: Called Strike Etsuro Hosokawa steals 2nd base 0-1: Foul Ball, location: 2F 0-2: Ball 1-2: Ball 2-2: Strikes out swinging
|
Bottom of the 7th over - 0 runs, 0 hits, 0 errors, 1 left on base; Philadelphia (APP) 2 - Bristol 6 |
TOP OF THE 8TH |
Philadelphia (APP) Phillies batting - Pitching for Bristol Pirates : LHP Norm Silveira-Wray
|
Pitching: RHP Doug Rawson
|
|
Batting: RHB Kyle Reilly
|
0-0: Ball 1-0: Ball 2-0: Foul Ball, location: 2F 2-1: Called Strike 2-2: Ball 3-2: Base on Balls
|
Batting: LHB Eric Farren
|
0-0: Fielders Choice at 2nd, 6-4 (Groundball, 6M, EV 91.9 MPH)
|
Batting: RHB Seung-mun Kim
|
0-0: Ball 1-0: Foul Ball, location: 2F 1-1: Swinging Strike 1-2: Foul Ball, location: 2F 1-2: Strikes out swinging
|
Batting: RHB Vaclav Been
|
0-0: Foul Ball, location: 2F 0-1: Ball 1-1: Foul Ball, location: 2F 1-2: Strikes out swinging
|
Top of the 8th over - 0 runs, 0 hits, 0 errors, 1 left on base; Philadelphia (APP) 2 - Bristol 6 |
BOTTOM OF THE 8TH |
Bristol Pirates batting - Pitching for Philadelphia (APP) Phillies : RHP Andy Burchfield
|
Pitching: RHP Dustin Greaves
|
|
Batting: RHB Jaime Dubicki
|
0-0: Called Strike 0-1: Ball 1-1: Ball 2-1: Ball 3-1: Foul Ball, location: 2F 3-2: Foul Ball, location: 2F 3-2: Strikes out looking
|
Batting: RHB Andrew DeRicco
|
0-0: Ball 1-0: Called Strike 1-1: Foul Ball, location: 2F 1-2: Foul Ball, location: 2F 1-2: Strikes out swinging
|
Batting: LHB Tomohiro Yokoyama
|
0-0: Ball 1-0: Foul Ball, location: 2F 1-1: Ball 2-1: Ball 3-1: SINGLE (Line Drive, 8RS, EV 91.9 MPH)
|
Batting: RHB Pete Hutton
|
0-0: SINGLE (Groundball, 4M, EV 102.5 MPH) Tomohiro Yokoyama to second Runner from 2nd tries for 3rd, SAFE, no throw by CF
|
Batting: RHB Perry Dominey
|
0-0: Called Strike 0-1: 3-RUN HOME RUN (Flyball, 89XD, EV 103.1 MPH), Distance : 407 ft
|
Batting: RHB Randy Bergman
|
0-0: Ball 1-0: Called Strike 1-1: Swinging Strike 1-2: Foul Ball, location: 2F 1-2: Foul Ball, location: 2F 1-2: Ball 2-2: Foul Ball, location: 2F 2-2: Strikes out looking
|
Bottom of the 8th over - 3 runs, 3 hits, 0 errors, 0 left on base; Philadelphia (APP) 2 - Bristol 9 |
TOP OF THE 9TH |
Philadelphia (APP) Phillies batting - Pitching for Bristol Pirates : RHP Doug Rawson
|
Batting: LHB Josh George
|
0-0: Ball 1-0: Swinging Strike 1-1: Ball 2-1: Foul Ball, location: 2F 2-2: Ball 3-2: Strikes out swinging
|
Batting: RHB Eduardo Calderon
|
0-0: Called Strike 0-1: Foul Ball, location: 2F 0-2: Strikes out swinging
|
Batting: RHB Gary Sampson
|
0-0: Ball 1-0: Foul Ball, location: 2F 1-1: Ball 2-1: Foul Ball, location: 2F 2-2: Ball 3-2: Strikes out swinging
|
Top of the 9th over - 0 runs, 0 hits, 0 errors, 0 left on base; Philadelphia (APP) 2 - Bristol 9 |
|